 Dungeon Crawl Stone Soup version 0.30.0-20-g3615ddf2f0 (webtiles) character file.

Game seed: 11891617175041221920

147 qw the Chopper (level 5, 0/32 HPs)
             Began as a Gargoyle Fighter on June 1, 2023.
             Was an Initiate of Okawaru.
             Constricted to death by Sigmund (1 damage)
             ... on level 4 of the Dungeon.
             The game lasted 00:01:30 (3005 turns).

qw the Chopper (Gargoyle Fighter)                   Turns: 3005, Time: 00:01:30

Health: 0/32       AC: 10    Str: 22    XL:     5   Next: 29%
Magic:  5/5        EV:  6    Int:  8    God:    Okawaru [......]
Gold:   130        SH:  4    Dex:  9    Spells: 4/4 levels left

rFire   . . .        Y - +1 war axe
rCold   . . .        c - +0 buckler
rNeg    + . .        b - +0 scale mail
rPois   inf          (no helmet)
rElec   +            (no cloak)
rCorr   .            (no gloves)
SInv    .            (no boots)
Will    .....        (no amulet) Stlth
                     (no ring)
HPRegen 0.25/turn    (no ring)
MPRegen 0.09/turn

%: no passive effects
@: grasped by roots, constricted
A: sickness immunity, AC +4, negative energy resistance 1, electricity
resistance, torment resistance 1, petrification resistance
a: Renounce Religion


You were on level 4 of the Dungeon.
You worshipped Okawaru.
Okawaru was noncommittal.
You visited 1 branch of the dungeon, and saw 4 of its levels.

You collected 130 gold pieces.


Innate Abilities, Weirdness & Mutations

You are immune to sickness and miasma.
Your stone body is resilient. (AC +4)
You are immune to poison.
You resist negative energy. (rN+)
You are resistant to electric shocks. (rElec)
You are resistant to unholy torment.
You are immune to petrification.


   Skills:
 - Level 3.2 Fighting
 + Level 4.8 Axes
 - Level 3.2 Armour
 - Level 3.2 Shields


You had 4 spell levels left.
You didn't know any spells.
Your spell library was empty.

Inventory:

Hand Weapons
 h - a +0 whip
 Y - a +1 war axe (weapon)
Armour
 b - a +0 scale mail (worn)
 c - a +0 buckler (worn)
Scrolls
 k - a scroll of identify
Potions
 a - a potion of cancellation
 d - 2 potions of might
 e - a potion of brilliance {unknown}
 f - a potion of degeneration {unknown}
 g - a potion of attraction {unknown}
 i - a potion of heal wounds
 j - a potion of flight {unknown}
 l - a potion of haste {unknown}
 m - a potion of resistance {unknown}
 n - a potion of ambrosia {unknown}
 o - a potion of curing {unknown}
 p - a potion of lignification

Dungeon Overview and Level Annotations

Branches:
Dungeon (4/15)
 Temple: D:4-7

Altars:
Dithmenos
Elyvilon
Hepliaklqana
Nemelex Xobeh
Okawaru
Ru
Sif Muna
Trog

Annotations:
D:4 Sigmund


Message History

The quokka bites you but does no damage.
You miss the quokka. You block the quokka's attack.
Sigmund casts a spell.
Sigmund flickers and vanishes!
Deactivating autopickup; reactivate with Ctrl-A.
You hit the quokka.
The quokka is heavily wounded.
The quokka bites you but does no damage.
Something completely misses you.
The quokka bites you but does no damage.
You closely miss the quokka.
The quokka is heavily wounded.
The quokka bites you but does no damage.
Something hits you but does no damage.
You slash the quokka!
You kill the quokka!
Okawaru accepts your kill. Something hits you but does no damage.
You swing at nothing.
You swing at nothing.
Something hits you.
You swing at nothing.
Something hits you.
You swing at nothing.
Something hits you!
You swing at nothing.
Something hits you but does no damage.
You swing at nothing.
Something hits you but does no damage.
You swing at nothing.
You hear a zap.
The roots erupt in riotous growth!
The grasping roots grab you!
You are constricted.
You swing at nothing.
You block something's attack.
You are constricted.
You swing at nothing.
Something hits you!
You are constricted.
You die...

## # +. .# #.
####..# #. .......
#.#.......
#..###.........
#.....%@#######
#...${........###
#######.###.....#
......#.#.....##
>..............###
.........#........#
...(.........?.##.#
# ###.##.......###
.. #.##.......#


There were no monsters in sight!

Vanquished Creatures
  7 adders
  4 worms (D:2)
  A dart slug (D:1)
  2 orcs
  4 bats
  9 endoplasms
  3 giant cockroaches
  5 goblins
  8 hobgoblins
  2 jackals
  A quokka (D:4)
  5 ball pythons
  6 frilled lizards
  6 kobolds
  4 rats
67 creatures vanquished.

Notes
Turn   | Place    | Note
-------+----------+-------------------------------------------
     0 | D:1      | qw the Gargoyle Fighter began the quest for the Orb.
     0 | D:1      | Reached XP level 1. HP: 14/14 MP: 1/1
     0 | D:1      | 0 ||| qw: Version: 0.2-a-102-gdf20003
     0 | D:1      | 0 ||| qw: Game counter: 742
     0 | D:1      | 0 ||| qw: Always use a shield: true
     0 | D:1      | 0 ||| qw: God list: Okawaru
     0 | D:1      | 0 ||| qw: Allow faded altars: false
     0 | D:1      | 0 ||| qw: Do Orc after D:15 true
     0 | D:1      | 0 ||| qw: Do second Lair branch before Depths: true
     0 | D:1      | 0 ||| qw: Lair rune preference: random
     0 | D:1      | 0 ||| qw: Plans: Normal, Zot:1-4, Slime:5, God:TSO, Crypt,
                  | Tomb, Pan, Hells, Abyss, Win
     0 | D:1      | 0 ||| PLANNING D:1-11
    44 | D:1      | Reached skill level 2 in Axes
   174 | D:1      | Reached XP level 2. HP: 19/19 MP: 2/2
   228 | D:1      | 228 ||| Stepping ~*~*~tactically~*~*~ (stealth).
   242 | D:1      | 242 ||| Stepping ~*~*~tactically~*~*~ (stealth).
   244 | D:1      | 244 ||| Stepping ~*~*~tactically~*~*~ (stealth).
   245 | D:1      | 245 ||| Stepping ~*~*~tactically~*~*~ (stealth).
   247 | D:1      | 247 ||| Stepping ~*~*~tactically~*~*~ (hiding).
   300 | D:1      | 300 ||| Stepping ~*~*~tactically~*~*~ (stealth).
   365 | D:1      | 365 ||| Stepping ~*~*~tactically~*~*~ (stealth).
   399 | D:1      | Reached skill level 3 in Axes
   416 | D:1      | 416 ||| Stepping ~*~*~tactically~*~*~ (stealth).
   427 | D:1      | Reached XP level 3. HP: 22/23 MP: 3/3
   805 | D:1      | 805 ||| READING scroll labelled YBYHAM DOETAREF.
   806 | D:1      | 806 ||| READING scroll labelled VEQIOC MIONGILO.
   807 | D:1      | 807 ||| READING scroll labelled HIANWO ICIPRE.
   893 | D:2      | 893 ||| Stepping ~*~*~tactically~*~*~ (stealth).
   910 | D:2      | Reached XP level 4. HP: 24/28 MP: 4/4
   967 | D:2      | Reached skill level 4 in Axes
  1191 | D:2      | 1191 ||| Stepping ~*~*~tactically~*~*~ (stealth).
  1214 | D:2      | Found a faded altar of an unknown god.
  1540 | D:2      | Found a shadowy altar of Dithmenos.
  1727 | D:2      | 1727 ||| READING scroll labelled NEMARE MOUCU.
  1728 | D:2      | 1728 ||| READING scroll labelled TUAS INGYRUVOCHO.
  1729 | D:2      | 1729 ||| DRINKING 2 purple potions.
  2072 | D:3      | Reached XP level 5. HP: 32/32 MP: 5/5
  2706 | D:3      | Found a white marble altar of Elyvilon.
  2797 | D:3      | Found a shimmering blue altar of Sif Muna.
  2799 | D:3      | Found an iron altar of Okawaru.
  2799 | D:3      | Found a bloodstained altar of Trog.
  2799 | D:3      | Found a hazy altar of Hepliaklqana.
  2800 | D:3      | 2800 ||| PLANNING OKAWARU WORSHIP
  2800 | D:3      | 2800 ||| DRINKING 2 bubbling dark potions.
  2825 | D:3      | 2825 ||| READING 2 scrolls of identify.
  2825 | D:3      | 2825 ||| IDENTIFYING lumpy black potion
  2832 | D:3      | Became a worshipper of Warmaster Okawaru
  2832 | D:3      | 2832 ||| PLANNING D:1-11
  2837 | D:3      | Found a sacrificial altar of Ru.
  2839 | D:3      | Found a sparkling altar of Nemelex Xobeh.
  2934 | D:4      | 2934 ||| STAIRDANCE
  2986 | D:4      | Noticed Sigmund
  3003 | D:4      | HP: 7/32 [something (3)]
  3005 | D:4      | HP: 1/32 [something (7)]
  3005 | D:4      | Constricted to death by Sigmund

Levels and vault maps discovered:
D:1:      lightli_arrival_flooded_house, layout_loops_ring
D:2:      layout_loops_ring, basic_ecumenical_altar, basic_altar,
          grunt_ministairs_5
D:3:      layout_basic, elyvilon_altar_3, minmay_overflow_temple_hex,
          minmay_statues_item
D:4:      layout_basic, temple_fountains, ebering_ghost_disaster_area,
          uniq_sigmund

Skill      XL: |  1  2  3  4 |
---------------+-------------+-----
Axes           | 2 3 4 |  4.8
Fighting       | |  3.2
Armour         | |  3.2
Shields        | |  3.2

Action                     |  1- 3 |  4- 6 || total
---------------------------+-------+-------++-------
  Melee: War axe           |    97 |   126 ||   223
    Use: Scroll            |     3 |     3 ||     6
         Potion            |       |     2 ||     2
 Armour: Scale mail        |    45 |    65 ||   110
  Dodge: Dodged            |    37 |    44 ||    81
  Block: Buckler           |    21 |    25 ||    46

Table legend:
 A = Non-vault XP
 B = Vault XP
 C = Vault XP percentage of total XP
 D = Non-vault monster count
 E = Vault monster count
 F = Vault count percentage of total count
                 A         B        C        D         E       F
            +---------+---------+-------+---------+---------+-------
      Total |     192 |      18 |   8.6 |      65 |       2 |   3.0
            +---------+---------+-------+---------+---------+-------
        D:1 |      46 |       0 |   0.0 |      27 |       0 |   0.0
        D:2 |      91 |      18 |  16.5 |      21 |       2 |   8.7
        D:3 |      46 |       0 |   0.0 |      13 |       0 |   0.0
        D:4 |       9 |       0 |   0.0 |       4 |       0 |   0.0
            +---------+---------+-------+---------+---------+-------
